 Dungeon Sprint DCSS version 0.22.1-2-g9c5b331 (webtiles) character file.

9897 diana the Bludgeoner (level 11, -1/83 HPs)
             Began as a Gargoyle Monk on Dec 3, 2018.
             Was the Champion of Trog.
             Killed from afar by an orc sorcerer (13 damage)
             ... with a bolt of fire
             ... in the Dungeon (Sprint IX: "|||||||||||||||||||||||||||||").
             The game lasted 00:07:28 (2187 turns).

diana the Bludgeoner (Gargoyle Monk)                Turns: 2187, Time: 00:07:28

Health: -1/83      AC: 29    Str: 18    XL:     11   Next: 53%
Magic:  11/11      EV:  9    Int: 14    God:    Trog [******]
Gold:   1273       SH:  0    Dex: 12    Spells: 10/10 levels left

rFire    . . .     SeeInvis .   w - +1 morningstar (protect)
rCold    + . .     Gourm    .   (no shield)
rNeg     + . .     Faith    .   x - +2 plate armour {rC+}
rPois    ∞         Spirit   .   a - +0 helmet
rElec    +         Reflect  .   u - +0 cloak
rCorr    .         Harm     .   (no gloves)
MR       .....     NoTele   +   (no boots)
Stlth    ..........             (no amulet)
HPRegen  0.23/turn              o - +3 ring of intelligence
MPRegen  0.12/turn              p - +2 ring of protection

@: no status effects
A: negative energy resistance 1, electricity resistance, unbreathing,
petrification resistance, rot immunity, AC +8
a: Berserk, Trog's Hand, Brothers in Arms, Renounce Religion


You were in the Dungeon.
You worshipped Trog.
Trog was exalted by your worship.
You were hungry.

You visited 1 branch You collected 1273 gold pieces.

Inventory:

Hand Weapons
 t - a +1 antimagic demon whip
 w - a +1 morningstar of protection (weapon)
Armour
 a - a +0 helmet (worn)
 b - a +0 robe
 m - a +1 chain mail
 u - a +0 cloak (worn)
 x - a +2 plate armour of cold resistance (worn)
Jewellery
 o - a +3 ring of intelligence (left hand)
 p - a +2 ring of protection (right hand)
Wands
 l - a wand of acid (10)
Scrolls
 i - 5 scrolls of blinking
 k - 4 scrolls of remove curse
 q - 2 scrolls of identify
 r - a scroll of fog
 s - 2 scrolls of enchant armour
Potions
 d - a potion of invisibility
 e - a potion of brilliance
 f - 2 potions of haste
 g - 4 potions of magic
 h - 3 potions of berserk rage
 j - 5 potions of curing
Comestibles
 c - 10 rations


   Skills:
 + Level 16.2 Fighting
 + Level 17.9 Maces & Flails
 + Level 9.5 Armour
 + Level 7.7 Dodging
 - Level 9.4 Stealth


You had 10 spell levels left.
You didn't know any spells.
Your spell library was empty.

Dungeon Overview and Level Annotations

Branches:
Dungeon (1/1)

Altars:
Cheibriados
Dithmenos
Elyvilon
Fedhas
Gozag
Hepliaklqana
Kikubaaqudgha
Makhleb
Nemelex Xobeh
Okawaru
Qazlal
Ru
Sif Muna
Trog
Uskayaw
Vehumet
Wu Jian
Xom
Yredelemnul
Zin
The Shining One
Beogh
Jiyva
Lugonu

Shops:
D !*


Innate Abilities, Weirdness & Mutations

You are resistant to torment.
Your stone body is resilient. (AC +8)
You are immune to poison.
You resist negative energy. (rN+)
You are resistant to electric shocks. (rElec)
You can survive without breathing.
You are immune to petrification.
You are immune to rotting.


Message History

Your iron troll bites the orc knight but does no damage.
Your iron troll claws the orc knight!!
Your iron troll claws the orc knight.
You see here 50 gold pieces.
The orc sorcerer mumbles some strange words.
The orc knight unwields an uncursed battleaxe of freezing.
The orc knight wields an uncursed arbalest.
The orc knight shoots a bolt.
The bolt hits your iron troll but does no damage.
Your iron troll bites the orc knight!!!
Your iron troll claws the orc knight!
The orc knight dies!
Trog accepts your kill.
There is an open door to Orc:2, spattered with blood here.
Items here: )) [[ †† Unknown command.
The orc knight no longer looks unusually strong.
The orc sorcerer gestures at you while chanting.
The bolt of fire hits your iron troll.
Your iron troll resists.
The bolt of fire hits you!
You die...

▓▓▓▓▓▓▓▓▓▓▓▓▓▓▓▓▓▓▓▓▓▓▓▓▓▓▓
)...)........(..@)$T)oooo∩.
▓▓▓▓▓▓▓▓▓▓▓▓▓▓▓▓▓▓▓▓▓▓▓▓▓▓▓▓▓▓▓▓▓
..)))............................
▓▓▓▓▓▓▓▓▓▓▓▓▓▓▓▓▓▓▓▓▓▓▓▓▓▓▓▓▓▓▓▓▓
†.......†÷........††)......(...'.
▓▓▓▓▓▓▓▓▓▓▓▓▓▓▓▓▓▓▓▓▓▓▓▓▓▓▓▓▓▓▓▓▓
.................................
▓▓▓▓▓▓▓▓▓▓▓▓▓▓▓▓▓▓▓▓▓▓▓▓▓▓▓▓▓▓▓▓▓
__________________'.?.|[....'....


You could see an orc knight, 2 orc sorcerers and a friendly iron troll
(berserk).

Vanquished Creatures
  Erica (D)
  2 centaur warriors (D)
  2 orc knights (D)
  2 orc sorcerers (D)
  4 spiny frogs (D)
  A rime drake (D)
  A komodo dragon (D)
  2 trolls (D)
  4 polar bears (D)
  2 hippogriffs (D)
  A wyvern (D)
  4 yaks (D)
  2 basilisks (D)
  A water moccasin (D)
  5 orc warriors (D)
  2 porcupines (D)
  4 black bears (D)
  A phantom (D)
  A wolf (D)
  3 bullfrogs (D)
  A crimson imp (D)
  2 orc priests (D)
  4 orc wizards (D)
  2 worker ants (D)
  An adder zombie (D)
  A leopard gecko (D)
  6 orcs (D)
  A bat skeleton (D)
  A giant cockroach (D)
  A hobgoblin (D)
  3 frilled lizards (D)
68 creatures vanquished.

Vanquished Creatures (collateral kills)
  An orc knight (D)
  3 orc warriors (D)
  3 orc priests (D)
  3 orcs (D)
10 creatures vanquished.

Grand Total: 78 creatures vanquished

Notes
Turn   | Place    | Note
-------+----------+-------------------------------------------
     0 | D        | diana the Gargoyle Monk began the quest for the Orb.
     0 | D        | Reached XP level 1. HP: 14/14 MP: 1/1
    70 | D        | Noticed a worker ant
    70 | D        | Noticed a worker ant
    80 | D        | Killed a worker ant
    80 | D        | Reached skill level 5 in Maces & Flails
    80 | D        | Reached XP level 2. HP: 15/20 MP: 2/2
    80 | D        | Reached XP level 3. HP: 18/24 MP: 3/3
   100 | D        | Reached skill level 5 in Fighting
   100 | D        | Reached skill level 6 in Maces & Flails
   100 | D        | Reached XP level 4. HP: 21/31 MP: 4/4
   197 | D        | Found a roughly hewn altar of Beogh.
   197 | D        | Found a snail-covered altar of Cheibriados.
   197 | D        | Found a shadowy altar of Dithmenos.
   197 | D        | Found a white marble altar of Elyvilon.
   197 | D        | Found a blossoming altar of Fedhas.
   197 | D        | Found an opulent altar of Gozag.
   198 | D        | Found a hazy altar of Hepliaklqana.
   199 | D        | Found a viscous altar of Jiyva.
   200 | D        | Found an ancient bone altar of Kikubaaqudgha.
   201 | D        | Found a corrupted altar of Lugonu.
   202 | D        | Found a burning altar of Makhleb.
   203 | D        | Found a sparkling altar of Nemelex Xobeh.
   204 | D        | Found an iron altar of Okawaru.
   205 | D        | Found a stormy altar of Qazlal.
   206 | D        | Found a sacrificial altar of Ru.
   207 | D        | Found a deep blue altar of Sif Muna.
   208 | D        | Found a bloodstained altar of Trog.
   209 | D        | Found a hide-covered altar of Uskayaw.
   210 | D        | Found a radiant altar of Vehumet.
   211 | D        | Found an ornate altar of the Wu Jian Council.
   212 | D        | Found a shimmering altar of Xom.
   213 | D        | Found a basalt altar of Yredelemnul.
   214 | D        | Found a glowing silver altar of Zin.
   215 | D        | Found a glowing golden altar of the Shining One.
   216 | D        | Became a worshipper of Trog the Wrathful
   216 | D        | Reached * piety under Trog
   216 | D        | Reached ** piety under Trog
   268 | D        | Noticed a yak
   268 | D        | Noticed a troll
   268 | D        | Noticed a phantom
   268 | D        | Noticed a wyvern
   277 | D        | Killed a yak
   277 | D        | Reached skill level 8 in Maces & Flails
   277 | D        | Reached XP level 5. HP: 24/38 MP: 5/5
   281 | D        | Killed a troll
   281 | D        | Reached skill level 10 in Maces & Flails
   281 | D        | Reached XP level 6. HP: 28/45 MP: 6/6
   289 | D        | Killed a wyvern
   289 | D        | Reached skill level 11 in Maces & Flails
   289 | D        | Reached XP level 7. HP: 34/51 MP: 7/7
   294 | D        | Reached *** piety under Trog
   302 | D        | Noticed a centaur warrior
   302 | D        | Noticed a hippogriff
   302 | D        | Noticed a yak
   302 | D        | Noticed a troll
   302 | D        | Noticed a centaur warrior
   314 | D        | Killed a centaur warrior
   314 | D        | Reached skill level 13 in Maces & Flails
   314 | D        | Reached XP level 8. HP: 28/60 MP: 8/8
   324 | D        | Killed a hippogriff
   324 | D        | Reached skill level 14 in Maces & Flails
   525 | D        | Killed a yak
   525 | D        | Reached **** piety under Trog
   539 | D        | Killed a troll
   539 | D        | Reached XP level 9. HP: 25/65 MP: 9/9
   547 | D        | Killed a centaur warrior
   547 | D        | Reached skill level 15 in Maces & Flails
   935 | D        | Noticed a spiny frog
   935 | D        | Noticed a spiny frog
   938 | D        | Reached skill level 16 in Maces & Flails
   940 | D        | Noticed a spiny frog
   946 | D        | Killed a spiny frog
   946 | D        | Reached ***** piety under Trog
   958 | D        | Killed a spiny frog
   958 | D        | Reached XP level 10. HP: 40/73 MP: 10/10
   970 | D        | Received a gift from Trog
   976 | D        | Killed a spiny frog
   976 | D        | Reached skill level 17 in Maces & Flails
  1119 | D        | Noticed a spiny frog
  1121 | D        | Reached skill level 1 in Armour
  1138 | D        | Killed a spiny frog
  1138 | D        | Received a gift from Trog
  1146 | D        | Reached skill level 5 in Armour
  1166 | D        | Got a crystal battleaxe {god gift}
  1338 | D        | Identified the +3 battleaxe "Dumash" {chop, *Noise rPois
                  | MR++ Str+4} (Trog gifted it to you in the Dungeon)
  1350 | D        | Reached skill level 5 in Dodging
  1366 | D        | Reached skill level 15 in Fighting
  1382 | D        | Reached ****** piety under Trog
  1382 | D        | Received a gift from Trog
  1389 | D        | Reached XP level 11. HP: 33/81 MP: 7/11
  1668 | D        | Noticed Erica
  1681 | D        | Killed Erica
  1755 | D        | Received a gift from Trog
  1785 | D        | Received a gift from Trog
  1803 | D        | Noticed an orc knight
  1809 | D        | Noticed an orc sorcerer
  1887 | D        | Killed an orc knight
  2072 | D        | Killed an orc sorcerer
  2072 | D        | Received a gift from Trog
  2084 | D        | Noticed an orc knight
  2096 | D        | Killed an orc knight
  2165 | D        | Found Voxidono's Distillery.
  2165 | D        | Noticed an orc sorcerer
  2165 | D        | Noticed an orc knight
  2172 | D        | Found Gaagap's General Store.
  2172 | D        | Noticed an orc sorcerer
  2173 | D        | Noticed an orc sorcerer
  2176 | D        | Killed an orc sorcerer
  2177 | D        | Noticed an orc knight
  2186 | D        | Killed an orc knight
  2187 | D        | Killed from afar by an orc sorcerer

Skill      XL: |  1  2  3  4  5  6  7  8  9 10 11 |
---------------+----------------------------------+-----
Fighting       | 4 5 7 8 9 11 13 15 16 | 16.2
Maces & Flails | 5 6 8 10 11 13 14 16 17 | 17.9
Stealth        | 4 7 8 9 |  9.4
Armour         | 6 9 |  9.5
Dodging        | 5 7 |  7.7

Action                   |  1- 3 |  4- 6 |  7- 9 | 10-12 || total
-------------------------+-------+-------+-------+-------++-------
Melee: Mace              |    36 |       |       |       ||    36
       Dire flail        |       |    18 |    72 |   101 ||   191
       Great mace        |       |       |       |    89 ||    89
       Morningstar       |       |       |       |    14 ||    14
Invok: Trog's Hand       |       |     1 |     1 |     3 ||     5
       Berserk           |       |     1 |     1 |     1 ||     3
       Brothers in Arms  |       |       |       |     3 ||     3
  Use: Potion            |     2 |       |     2 |       ||     4
  Eat: Chunk             |       |       |     2 |     4 ||     6
       Ration            |       |       |       |     1 ||     1
Armor: Robe              |    11 |       |       |       ||    11
       Chain mail        |       |    12 |    49 |   101 ||   162
       Plate armour      |       |       |       |     1 ||     1
Dodge: Dodged            |    17 |     9 |    17 |    47 ||    90
